 Dungeon Crawl Stone Soup version 0.30-a0-210-g01b79a254e (webtiles) character file.

Game seed: 3201772802811350892

1598 mdonais the Shooter (level 9, -4/75 HPs)
             Began as a Meteoran Wanderer on Oct 5, 2022.
             Was a Believer of the Shining One.
             Slain by a wolf (6 damage)
             ... on level 8 of the Dungeon.
             The game lasted 00:20:35 (1820 turns).

mdonais the Shooter (Meteoran Wanderer)             Turns: 1820, Time: 00:20:36

Health: -4/75      AC:  7    Str: 15    XL:     9   Next: 38%
Magic:  0/12       EV: 14    Int: 11    God:    the Shining One [**....]
Gold:   170        SH:  0    Dex: 20    Spells: 10/10 levels left

rFire   . . .      SeeInvis .    x - +2 dagger (venom)
rCold   . . .      Faith    .    (no shield)
rNeg    + . .      Spirit   +    e - +0 leather armour
rPois   .          Reflect  .    (no helmet)
rElec   .          Harm     .    l - +0 cloak
rCorr   .          Rampage  .    o - +0 pair of gloves
Will    +....                    p - +0 pair of boots
Stlth   +.........               k - amulet of guardian spirit
HPRegen 0.32/turn                n - ring of flight
MPRegen 0.13/turn                (no ring)

@: flying, glowing
A: sense surroundings 2, otherworldly, glowing, explore regen
a: Renounce Religion, Divine Shield


You were on level 8 of the Dungeon.
You worshipped the Shining One.
The Shining One was pleased with you.
You visited 1 branch of the dungeon, and saw 8 of its levels.

You collected 392 gold pieces.
You spent 222 gold pieces at shops.

Inventory:

Hand Weapons
 a - a +1 short sword of speed
   (You took it off a kobold on level 2 of the Dungeon)
 b - a +0 arbalest
   (You bought it in a shop on level 3 of the Dungeon)
 d - a +0 dagger
 q - a +0 long sword
   (You found it on level 7 of the Dungeon)
 x - a +2 dagger of venom (weapon)
   (You took it off Ijyb on level 4 of the Dungeon)
 z - a +0 shortbow
   (You took it off a centaur on level 5 of the Dungeon)
 B - a +2 flail of holy wrath
   (You took it off an orc warrior on level 7 of the Dungeon)
Missiles
 t - 7 boomerangs (quivered)
 G - 3 datura-tipped darts
 J - 4 atropa-tipped darts
Armour
 e - a +0 leather armour (worn)
 g - a +0 scale mail
   (You found it on level 1 of the Dungeon)
 l - a +0 cloak (worn)
   (You took it off Crazy Yiuf on level 2 of the Dungeon)
 m - a +0 plate armour
   (You found it on level 6 of the Dungeon)
 o - a +0 pair of gloves (worn)
   (You found it on level 3 of the Dungeon)
 p - a +0 pair of boots (worn)
   (You found it on level 3 of the Dungeon)
Magical Staves
 y - a staff of earth
   (You found it on level 4 of the Dungeon)
Jewellery
 k - an amulet of guardian spirit (around neck)
   (You found it on level 2 of the Dungeon)
 n - a ring of flight (left hand)
   (You found it on level 3 of the Dungeon)
Wands
 P - a wand of paralysis (7)
   (You found it on level 2 of the Dungeon)
 V - a wand of flame (10)
   (You took it off Ijyb on level 4 of the Dungeon)
Scrolls
 c - 3 scrolls of amnesia {unknown}
 h - 4 scrolls of identify {unknown}
 r - a scroll of immolation {unknown}
 s - a scroll of poison {unknown}
 A - 2 scrolls of teleportation {unknown}
Potions
 f - 3 potions of mutation {unknown}
 i - a potion of ambrosia {unknown}
 j - 2 potions of cancellation {unknown}
 u - a potion of attraction {unknown}
 w - 3 potions of curing {unknown}


   Skills:
 + Level 6.1 Fighting
 - Level 2.1 Short Blades
 - Level 0.3 Staves
 * Level 7.9 Ranged Weapons
 - Level 2.4 Throwing
 - Level 3.9 Armour
 - Level 5.0 Dodging
 - Level 1.3 Spellcasting
 - Level 6.0 Evocations


You had 10 spell levels left.
You didn't know any spells.
Your spell library contained the following spells:

 Spells                   Type           Power      Damage    Failure   Level
 Ensorcelled Hibernation  Hex/Ice        0%         N/A       50%         2
 Frozen Ramparts          Ice            0%         1d1       75%         3
 Spider Form              Tmut/Pois      0%         N/A       75%         3
 Summon Guardian Golem    Hex/Summ       0%         N/A       75%         3
 Tukima's Dance           Hex            0%         N/A       75%         3
 Anguish                  Hex/Necr       0%         N/A       98%         4
 Ice Form                 Ice/Tmut       0%         N/A       98%         4
 Summon Ice Beast         Ice/Summ       0%         N/A       98%         4
 Death's Door             Necr           0%         N/A       100%        9


Dungeon Overview and Level Annotations

Branches:
Dungeon (8/15) Zot: 2952   Temple (0/1) D:7
   Lair: D:8-11

Altars:
Ashenzari
Cheibriados
Kikubaaqudgha
Nemelex Xobeh
Trog
Uskayaw
Wu Jian
Zin
The Shining One

Shops:
D:3 [*=

Annotations:
D:8 Maggie


Innate Abilities, Weirdness & Mutations

You passively map the area around you.
You are easily found by Zot.
You glow in the dark.
You regain HP and MP as you explore.


Message History

The bolt hits the acid dragon!
The acid dragon is severely wounded.
You hear a shout!
A centaur comes into view.
The centaur wields a +0 shortbow.
The centaur shoots an arrow.
The arrow misses you. The acid dragon spits acid at you.
The splash of acid misses you.
You hear a shout!
Something shouts, "Take thy face hence, thou dissembling guts-griping giglet!"
Fire: b) +0 arbalest
Press: ? - help, Q - select action, (/) - cycle Shift-Dir - straight line, f/p - acid dragon
Aim: an acid dragon (heavily wounded, 63% to hit)
You shoot a bolt. The bolt hits the centaur.
The centaur is lightly wounded.
The centaur shoots an arrow.
The arrow hits you.
The centaur shoots an arrow.
The arrow hits you!
You hear a shout!
You take 10 damage, and have 51/75 hp.
You now have 9/12 mp.
Fire: b) +0 arbalest
Press: ? - help, Q - select action, (/) - cycle Shift-Dir - straight line, f - centaur
Aim: a centaur, wielding a +0 shortbow (lightly wounded, 73% to hit)
You shoot a bolt. The bolt hits the centaur.
The centaur is moderately wounded.
The centaur shoots an arrow.
The arrow completely misses you.
A white imp comes into view.
The centaur shoots an arrow.
The arrow hits you!
Maggie the Vainglorious comes into view.
She is wielding a +0 broad axe.
The white imp moves out of view.
You hear a shout!
You take 6 damage, and have 45/75 hp.
You now have 8/12 mp.
The centaur shoots an arrow.
The arrow closely misses you. The acid dragon spits acid at you.
The splash of acid hits you!! The acid corrodes you!
The centaur shoots an arrow.
The arrow barely misses you.
Maggie practices a pose.
You fly upwards.
There is a stone staircase leading down here.
You take 16 damage, and have 29/75 hp.
MASSIVE DAMAGE!!
You now have 4/12 mp.
You regained 2 hp, and now have 33/75 hp.
You are no longer corroded.
You regained 5 hp, and now have 42/75 hp.
You regained 3 hp, and now have 45/75 hp.
You regained 3 hp, and now have 49/75 hp.
MP restored: 12 You regained 2 hp, and now have 52/75 hp.
You regained 2 hp, and now have 56/75 hp.
You regained 2 hp, and now have 59/75 hp.
You regained 4 hp, and now have 67/75 hp.
You regained 2 hp, and now have 70/75 hp.
Health restored: 75
Found a book of Dreams.
Found a rapier and 10 gold pieces.
Found a staircase to the Ecumenical Temple.
You pick up a book of Dreams and begin reading...
You add the spells Ensorcelled Hibernation, Spider Form and Anguish to your library.
You now have 170 gold pieces (gained 10).
Okay, then.
There is a stone staircase leading down here.
You fly downwards.
Level annotation: Maggie
There is a stone staircase leading up here.
Found 3 boomerangs.
A troll comes into view.
The troll shouts!
You hear a howl!
You hear a bark!
A hound comes into view.
A wolf comes into view.
Unknown command.
You shoot a bolt. The bolt hits the troll!
The troll is moderately wounded.
You shoot a bolt. The bolt hits the troll.
The troll is moderately wounded.
You hear a howl!
A wolf comes into view.
There is a stone staircase leading up here.
You shoot a bolt. The bolt barely misses the troll.
The bolt hits the wolf.
The wolf is moderately wounded.
Your +2 dagger of venom begins to drip with poison!
x - a +2 dagger of venom (weapon)
The troll bites you! The troll completely misses you. The troll claws you.
You take 7 damage, and have 68/75 hp.
You now have 10/12 mp.
You barely miss the troll.
The troll is lightly wounded.
The troll bites you but does no damage. The troll barely misses you.
The troll claws you!
You take 7 damage, and have 61/75 hp.
You now have 9/12 mp.
You hit the troll.
The troll is poisoned.
The troll is moderately wounded.
You hit the troll.
The troll looks as sick as possible!
The troll is moderately wounded.
The troll bites you! The troll claws you! The troll misses you.
You take 16 damage, and have 45/75 hp.
MASSIVE DAMAGE!!
You now have 8/12 mp.
You hit the troll.
The troll is moderately wounded.
The troll bites you but does no damage. The troll claws you.
The troll barely misses you.
You take 3 damage, and have 42/75 hp.
You now have 7/12 mp.
You fail to use your ability.
The troll barely misses you. The troll claws you!
The troll completely misses you.
You take 6 damage, and have 36/75 hp.
You now have 6/12 mp.
You are too injured to fight recklessly!
You are too injured to fight recklessly!
You completely miss the troll.
The troll is heavily wounded.
The troll bites you!
The troll claws you but does no damage. x2
You take 11 damage, and have 25/75 hp.
You now have 4/12 mp.
You hit the troll.
The troll looks as sick as possible!
The troll is severely wounded.
The troll misses you. The troll closely misses you. The troll claws you.
You take 2 damage, and have 23/75 hp.
You hit the troll but do no damage.
The troll looks as sick as possible!
The troll is severely wounded.
The troll bites you.
* * * LOW HITPOINT WARNING * * *
The troll closely misses you. x2
The wolf stops to sniff the ground.
You take 2 damage, and have 21/75 hp.
You now have 3/12 mp.
You hit the troll.
The troll looks as sick as possible!
The troll is almost dead.
The troll bites you.
* * * LOW HITPOINT WARNING * * *
The troll claws you.
* * * LOW HITPOINT WARNING * * *
The troll claws you.
* * * LOW HITPOINT WARNING * * *
You take 13 damage, and have 8/75 hp.
You now have 1/12 mp.
Okay, then.
Aiming: Bolt of Light
Press: ? - help, Shift-Dir - straight line, f - wolf, p - troll
Aim: a wolf (57% to hit)
The bolt of light hits the troll!!
You kill the troll!
The bolt of light hits the wolf!
The wolf is severely wounded.
The bolt of light hits the wolf!!
The wolf is almost dead.
The now-empty wand crumbles to dust.
The wolf stops to sniff the ground.
The wolf closely misses you.
Your Fighting skill increases to level 6!
You hit the wolf.
The wolf is almost dead.
The wolf bites you.
* * * LOW HITPOINT WARNING * * *
The wolf bites you.
* * * LOW HITPOINT WARNING * * *
You take 7 damage, and have 2/75 hp.
You now have 0/12 mp.
You hit the wolf.
You kill the wolf!
The wolf bites you.
You die...

, , * ** *
#.....~...~ ,,,
, ,, , *
#.....(... , ,
,
####.........,,
,,
#........##.# ,
, , *
#.#.##......#
,, #.#.#
.###### ,, *
#.#.# .. , , ,
, *, #h#.# #..
* * #@#.# ## *,
, * * ###.# * *
* #.# > ..# * *
* , , * * *


You could see a wolf.

Vanquished Creatures
  A troll (D:8)
  A steam dragon (D:6)
  An orc warrior (D:7)
  A wolf (D:8)
  3 centaurs
  A phantom (D:4)
  2 bullfrogs
  2 necrophages
  4 scorpions
  A jelly (D:7)
  A hound (D:4)
  An orc priest (D:4)
  An iron imp (D:7)
  Crazy Yiuf (D:2)
  Ijyb (D:4)
  An iguana (D:4)
  An orc wizard (D:4)
  7 gnolls
  4 adders
  A shadow imp (D:6)
  A white imp (D:5)
  A dart slug (D:3)
  2 orcs (D:4)
  3 endoplasms
  6 goblins
  A hobgoblin (D:1)
  3 kobolds
  4 quokkas
  A ball python (D:2)
  2 bats
  4 frilled lizards
  2 rats (D:3)
66 creatures vanquished.

Notes
Turn   | Place    | Note
-------+----------+-------------------------------------------
     0 | D:1      | mdonais the Meteoran Wanderer began the quest for the Orb.
     0 | D:1      | mdonais set off with the following items: a +0 short sword,
                  | a wand of light (2), a +0 dagger, a +0 leather armour, 7
                  | boomerangs.
     0 | D:1      | Reached XP level 1. HP: 14/14 MP: 3/3
    60 | D:1      | Found a faded altar of an unknown god.
    73 | D:1      | Reached skill level 1 in Fighting
   159 | D:1      | Reached XP level 2. HP: 19/23 MP: 5/5
   222 | D:1      | Reached skill level 1 in Armour
   370 | D:2      | Reached XP level 3. HP: 29/29 MP: 6/6
   427 | D:2      | Found a runed translucent door.
   428 | D:2      | Noticed Crazy Yiuf
   437 | D:2      | Killed Crazy Yiuf
   438 | D:2      | Reached skill level 1 in Dodging
   438 | D:2      | Reached XP level 4. HP: 37/37 MP: 7/7
   479 | D:3      | Found Qoze's Armour Boutique.
   517 | D:3      | Found a faded altar of an unknown god.
   521 | D:3      | Found a broken altar of Ashenzari.
   526 | D:3      | Prayed at the altar of an unknown god.
   526 | D:3      | Became a worshipper of the Shining One
   526 | D:3      | Reached * piety under the Shining One
   611 | D:3      | Reached XP level 5. HP: 18/44 MP: 3/8
   723 | D:3      | Found Felal's Assorted Antiques.
   755 | D:3      | Bought a bubbling golden potion for 21 gold pieces
   755 | D:3      | Bought a scroll labelled SOMAUSK SICEFA for 24 gold pieces
   755 | D:3      | Bought a scroll labelled OHA MAIDOR for 24 gold pieces
   755 | D:3      | Bought a scroll labelled HADECZ GIFE for 24 gold pieces
   755 | D:3      | Bought an inky potion for 21 gold pieces
   755 | D:3      | Bought an arbalest for 108 gold pieces
   766 | D:3      | Found a bloodstained altar of Trog.
   858 | D:4      | Reached skill level 1 in Ranged Weapons
   860 | D:4      | Reached XP level 6. HP: 48/51 MP: 9/9
   910 | D:4      | Noticed Ijyb
   936 | D:4      | Killed Ijyb
   956 | D:4      | Reached skill level 2 in Ranged Weapons
   956 | D:4      | Reached XP level 7. HP: 58/58 MP: 10/10
  1029 | D:3      | Found Zackum's Jewellery Boutique.
  1083 | D:5      | Entered Level 5 of the Dungeon
  1107 | D:5      | Found a hide-covered altar of Uskayaw.
  1140 | D:5      | Reached skill level 3 in Ranged Weapons
  1242 | D:5      | Found an ancient bone altar of Kikubaaqudgha.
  1281 | D:5      | Reached ** piety under the Shining One
  1350 | D:5      | Reached skill level 4 in Ranged Weapons
  1350 | D:5      | Reached XP level 8. HP: 54/67 MP: 8/11
  1385 | D:5      | Found a sparkling altar of Nemelex Xobeh.
  1408 | D:6      | Found an ornate altar of the Wu Jian Council.
  1438 | D:6      | Reached skill level 5 in Fighting
  1442 | D:5      | Reached skill level 5 in Ranged Weapons
  1461 | D:6      | Noticed a steam dragon
  1473 | D:6      | Killed a steam dragon
  1474 | D:6      | Reached skill level 5 in Dodging
  1491 | D:6      | Reached skill level 6 in Ranged Weapons
  1497 | D:6      | Got the Tractate on Profane Arts and Hexing
  1505 | D:6      | Found a glowing silver altar of Zin.
  1586 | D:7      | Found a snail-covered altar of Cheibriados.
  1601 | D:7      | Gained mutation: You passively map the area around you.
                  | [Meteoran growth]
  1601 | D:7      | Reached XP level 9. HP: 64/74 MP: 10/12
  1673 | D:7      | Reached skill level 7 in Ranged Weapons
  1682 | D:8      | Noticed Maggie
  1742 | D:7      | Found a staircase to the Ecumenical Temple.
  1796 | D:8      | Noticed a troll
  1818 | D:8      | Killed a troll
  1819 | D:8      | HP: 2/75 [wolf (2)]
  1820 | D:8      | Slain by a wolf

Illustrated notes

Levels and vault maps discovered:
D:1:      lightli_arrival_lavapool, layout_loops_corners,
          ebering_ecumenical_altar_abandoned
D:2:      layout_basic, serial_shops, shop, kennysheep_cluttered_room,
          serial_bayou_pond_d, uniq_crazy_yiuf_cottage
D:3:      layout_loops_cross, nicolae_overflow_ecumenical_swirl,
          mainiacjoe_overflow_cross_hatched, serial_shops, shop_coins, shop,
          nicolae_shop_waterfront, nicolae_lakefront_shop, nicolae_shop_crystal,
          chequers_serial_rivers_room_b
D:4:      layout_basic, uniq_ijyb
D:5:      layout_gridville, mainiacjoe_overflow_chevrons, lemuel_doored_altar,
          nemelex_diamond_rough_becter, kennysheep_generic_room_8
D:6:      layout_loops_corners, mainiacjoe_overflow_alcove_1,
          amcnicky_altar_gilded, mainiacjoe_overflow_brackets, zin_academy,
          ebering_dispersal_statue_hall, uniq_eustachio
D:7:      layout_loops_cross, slow_altar_1, gammafunk_temple_overflow_wave,
          nicolae_overflow_crystal_walls, temple_hall, minmay_the_grid_2x2
          [minmay_the_grid_all_tris, minmay_the_grid_tiny_cups,
          minmay_the_grid_large_cup, minmay_the_grid_prize_trominoes]
D:8:      layout_basic, mainiacjoe_overflow_surrounded_room,
          fedhas_altar_decomposition, erik_lair_island,
          minmay_misc_feat_encased, st_stairs_10,
          chequers_serial_rivers_large_a, uniq_maggie

Skill      XL: |  1  2  3  4  5  6  7  8  9 |
---------------+----------------------------+-----
Fighting       | 1 2 3 4 5 6 |  6.1
Armour         | 1 2 3 |  3.9
Dodging        | 1 2 3 4 5 |  5.0
Ranged Weapons | 1 2 4 6 7 |  7.9
Short Blades   | |  2.1
Staves         | |  0.3
Throwing       | |  2.4
Spellcasting   | |  1.3
Evocations     | |  6.0

Action                   |  1- 3 |  4- 6 |  7- 9 || total
-------------------------+-------+-------+-------++-------
Melee: Short sword       |    49 |    67 |       ||   116
       Punch             |     1 |     1 |     1 ||     3
       Quarterstaff      |       |     5 |       ||     5
       Dagger            |       |       |    24 ||    24
 Fire: Arbalest          |       |    14 |    75 ||    89
Evoke: Wand              |     1 |     2 |     3 ||     6
  Use: Potion            |       |       |     1 ||     1
 Stab: Paralysed         |     5 |       |       ||     5
Armor: Leather armour    |     4 |       |    42 ||    46
       Scale mail        |    12 |    23 |       ||    35
Dodge: Dodged            |    15 |    26 |    66 ||   107

Table legend: (Time is in decaauts)
 A = Elapsed time spent in this place.
 B = Non-inter-level travel time spent in this place.
 C = Inter-level travel time spent in this place.
 D = Time resting spent in this place.
 E = Time spent auto-exploring this place.
 F = Levels seen in this place.
 G = Mean time per level.
                   A        B        C        D        E       F      G
               +--------+--------+--------+--------+--------+-----+--------+
         Total |   1846 |   1838 |      8 |      0 |      0 |   8 |  230.8 |
       Dungeon |   1846 |   1838 |      8 |      0 |      0 |   8 |  230.8 |
               +--------+--------+--------+--------+--------+-----+--------+

Top non-repeatable levels by time:
     D:3: 326 daAuts
     D:5: 299 daAuts
     D:1: 267 daAuts
     D:7: 260 daAuts
     D:2: 243 daAuts
     D:4: 232 daAuts
     D:6: 173 daAuts
     D:8: 42 daAuts
